 Dungeon Crawl Stone Soup version 0.30.1-3-gfc49f6343a (webtiles) character file.

Game seed: 9492069202645764319

876 spardeous the Conjurer (level 7, -1/50 HPs)
             Began as a Demigod Conjurer on Aug 5, 2023.
             Slain by Duvessa
             ... wielding a +0 short sword
              (6 damage)
             ... on level 5 of the Dungeon.
             The game lasted 00:04:07 (5220 turns).

spardeous the Conjurer (Demigod Conjurer)           Turns: 5220, Time: 00:04:08

Health: -1/50      AC:  4    Str:  8    XL:     7   Next: 46%
Magic:  5/18       EV: 12    Int: 28    God:
Gold:   190        SH:  0    Dex: 12    Spells: 13/16 levels left

rFire   . . .        r - staff of cold
rCold   + + .        (no shield)
rNeg    . . .        x - +2 robe {rC+}
rPois   .            (no helmet)
rElec   .            (no cloak)
rCorr   .            (no gloves)
SInv    .            (no boots)
Will    .....        (no amulet)
Stlth   ++           (no ring)
HPRegen 0.28/turn    (no ring)
MPRegen 0.16/turn

%: no passive effects
@: studying Hexes
A: high MP 1, forlorn, divine attributes
a: no special abilities


You were on level 5 of the Dungeon.
You visited 1 branch of the dungeon, and saw 5 of its levels.

You collected 190 gold pieces.

Inventory:

Armour
 a - a +0 robe
 h - a +0 ring mail
 x - a +2 robe of cold resistance (worn)
Magical Staves
 r - a staff of cold (weapon)
Jewellery
 v - a +6 ring of strength
Wands
 u - a wand of flame (19)
Scrolls
 e - a scroll of immolation {unknown}
 i - a scroll of poison {unknown}
 m - a scroll of brand weapon {unknown}
 n - 4 scrolls of teleportation {unknown}
 o - a scroll of amnesia {unknown}
 p - 2 scrolls of magic mapping {unknown}
 q - 6 scrolls of identify {unknown}
 w - a scroll of enchant armour {unknown}
Potions
 b - a potion of magic
 c - a potion of might {unknown}
 d - 5 potions of lignification {unknown}
 f - a potion of curing {unknown}
 g - 3 potions of resistance {unknown}
 j - 2 potions of heal wounds {unknown}
 k - a potion of haste {unknown}
 l - a potion of ambrosia {unknown}
 s - a potion of brilliance {unknown}
 t - a potion of degeneration {unknown}
 z - a potion of invisibility {unknown}


   Skills:
 - Level 1.7 Dodging
 - Level 1.7 Stealth
 + Level 5.4 Spellcasting
 + Level 6.8 Conjurations


You had 13 spell levels left.
You knew the following spells:

 Your Spells              Type           Power      Damage    Failure   Level
a - Magic Dart            Conj           100%       1d8       1%          1
b - Searing Ray           Conj           90%        2d7       1%          2

Your spell library contained the following spells:

 Spells                   Type           Power      Damage    Failure   Level
 Dazzling Flash           Conj/Hex       52%        N/A       4%          3
 Fulminant Prism          Conj/Hex       13%        3d8       16%         4
 Iskenderun's Mystic Bla  Conj/Tloc      26%        2d7       16%         4


Dungeon Overview and Level Annotations

Branches:
Dungeon (5/15)             Temple (0/1) D:4

Annotations:
D:4 1 runed translucent door, sleevener's ghost, weakling NaDe
D:5 Dowan; Duvessa


Innate Abilities, Weirdness & Mutations

You have an increased reservoir of magic. (+10% MP)
You shall have no god before yourself.
Your divine heritage dramatically boosts your attributes as you level up.


Message History

Duvessa is moderately wounded.
Duvessa closely misses you. Dowan hits you but does no damage.
You now have 10/18 mp.
The searing ray misses Duvessa.
You finish channelling your searing ray.
Duvessa closely misses you. Dowan gestures at you while chanting.
The puff of flame hits you!
* * * LOW HITPOINT WARNING * * *
You take 7 damage, and have 20/50 hp.
You now have 9/18 mp.
Casting: Searing Ray (safe; 1% risk of failure)
Confirm with . or Enter, or press ? or * to list all spells.
Aiming: Searing Ray (safe; 1% risk of failure)
Press: ? - help, Shift-Dir - straight line, f/p - Duvessa
Aim: Duvessa, wielding a +0 short sword and wearing a +0 scale mail (moderately wounded, 87% to hit)
The searing ray hits Duvessa.
Duvessa is moderately wounded. (Press . to maintain the ray.) Duvessa closely misses you.
Dowan zaps a wand.
The puff of flame hits you.
* * * LOW HITPOINT WARNING * * *
You take 5 damage, and have 15/50 hp.
You now have 7/18 mp.
The searing ray hits Duvessa!
Duvessa is severely wounded.
Duvessa hits you with a +0 short sword!
* * * LOW HITPOINT WARNING * * *
Dowan zaps a wand.
The puff of flame hits you.
* * * LOW HITPOINT WARNING * * *
You take 8 damage, and have 7/50 hp.
You now have 6/18 mp.
The searing ray hits Duvessa.
Duvessa is almost dead.
Duvessa hits you with a +0 short sword.
* * * LOW HITPOINT WARNING * * *
Dowan zaps a wand.
The puff of flame misses you.
You take 2 damage, and have 5/50 hp.
Unknown command.
The searing ray hits Duvessa.
Duvessa is almost dead.
You finish channelling your searing ray.
Duvessa hits you with a +0 short sword.
You die...

..###...##....#.........#
.............##......#..##
......###............#...#
.......#..##.###...#...#.##
.........(##..##...#..##..###
...........#.###...#..##....#
..#..........#.#..#...###..##
..#...#....[....ee..#..#....#
......##.##.##..@####.....###
#.........)..#...# #.....##
.................# #.....#
...#.##.........## ##...##
.###.........#.## ###.#
.#....#...#..### ###
.#..#.....#### ...##....##
.##......#


You could see Duvessa and Dowan.

Vanquished Creatures
  Sigmund (D:5)
  An ice beast (D:4)
  A black bear (D:5)
  An ogre (D:5)
  4 scorpions
  2 hounds
  Jessica (D:2)
  5 adders
  An ufetubus (D:5)
  2 worms
  3 dart slugs
  4 orcs
  3 endoplasms
  5 giant cockroaches
  3 hobgoblins
  3 jackals (D:2)
  5 quokkas
  4 ball pythons
  6 bats
  7 frilled lizards
  5 goblins
  7 kobolds
  2 rats
76 creatures vanquished.

Notes
Turn   | Place    | Note
-------+----------+-------------------------------------------
     0 | D:1      | spardeous the Demigod Conjurer began the quest for the Orb.
     0 | D:1      | Reached XP level 1. HP: 14/14 MP: 5/5
   370 | D:1      | Reached XP level 2. HP: 14/20 MP: 0/7
   648 | D:1      | Reached skill level 4 in Conjurations
  1241 | D:2      | Noticed Jessica
  1248 | D:1      | Learned a level 2 spell: Searing Ray
  1255 | D:2      | Killed Jessica
  1256 | D:2      | Reached XP level 3. HP: 26/26 MP: 3/9
  2125 | D:3      | Reached XP level 4. HP: 33/33 MP: 8/11
  3049 | D:4      | Reached skill level 5 in Conjurations
  3049 | D:4      | Reached XP level 5. HP: 18/38 MP: 0/13
  3059 | D:4      | HP: 1/38 [poisoned by a scorpion]
  3428 | D:4      | Found a staircase to the Ecumenical Temple.
  3440 | D:4      | Found a runed translucent door.
  3440 | D:4      | Noticed sleevener's ghost (weakling NaDe)
  4360 | D:5      | Entered Level 5 of the Dungeon
  4360 | D:5      | Noticed Sigmund
  4429 | D:5      | Noticed an ogre
  4432 | D:5      | Noticed an ice beast
  4448 | D:5      | Killed an ogre
  4449 | D:5      | Reached XP level 6. HP: 40/45 MP: 7/15
  4557 | D:5      | Reached skill level 6 in Conjurations
  4616 | D:5      | Reached XP level 7. HP: 50/50 MP: 12/17
  4629 | D:5      | Reached skill level 5 in Spellcasting
  5043 | D:5      | Killed Sigmund
  5193 | D:5      | Noticed Dowan
  5194 | D:5      | Noticed Duvessa
  5220 | D:5      | Slain by Duvessa

Illustrated notes

Levels and vault maps discovered:
D:1:      dpeg_arrival_solitude, layout_basic
D:2:      layout_rooms, uniq_jessica
D:3:      layout_loops_ring, nicolae_overflow_ecumenical_swirl
D:4:      layout_layer_cave, minmay_temple_entry_slanted, ebering_ghost_sewer_d
D:5:      layout_cave_pools, uniq_duvessa, uniq_sigmund

Skill      XL: |  1  2  3  4  5  6  7 |
---------------+----------------------+-----
Spellcasting   | 2 3 4 5 |  5.4
Conjurations   | 4 5 6 |  6.8
Dodging        | |  1.7
Stealth        | |  1.7

Action                     |  1- 3 |  4- 6 |  7- 9 || total
---------------------------+-------+-------+-------++-------
  Melee: Unarmed           |     1 |       |       ||     1
   Cast: Magic Dart        |    83 |    72 |     7 ||   162
         Searing Ray       |     1 |    11 |     7 ||    19
 Armour: Robe              |     2 |       |     1 ||     3
         Ring mail         |     5 |    16 |     4 ||    25
  Dodge: Dodged            |     7 |    14 |    13 ||    34
